 Dungeon Crawl Stone Soup version 0.27-a0-1189-gb8eb6cee8e (webtiles) character file.

Game seed: 3536728733801016112

39 Armakuni the Skirmisher (level 3, -3/30 HPs)
             Began as a Human Monk on May 22, 2021.
             Slain by a gnoll
             ... wielding a +0 halberd
              (13 damage)
             ... on level 3 of the Dungeon.
             The game lasted 00:04:47 (1409 turns).

Armakuni the Skirmisher (Human Monk)                Turns: 1409, Time: 00:04:48

Health: -3/30      AC:  2    Str: 12    XL:     3   Next: 67%
Magic:  3/3        EV: 13    Int: 10    God:
Gold:   48         SH:  0    Dex: 15    Spells: 2/2 levels left

rFire    . . .     SeeInvis .   a - +1 short sword
rCold    . . .     Faith    .   (no shield)
rNeg     . . .     Spirit   .   b - +0 robe
rPois    .         Reflect  .   (no helmet)
rElec    .         Harm     .   (no cloak)
rCorr    .         Rampage  .   (no gloves)
Will     .....                  (no boots)
Stlth    ++........             (no amulet)
HPRegen  0.10/turn              (no ring)
MPRegen  0.08/turn              (no ring)

@: mighty
A: no striking features
a: no special abilities


You were on level 3 of the Dungeon.
You visited 1 branch of the dungeon, and saw 3 of its levels.

You collected 48 gold pieces.

Inventory:

Hand Weapons
 a - a +1 short sword (weapon)
Missiles
 c - 19 poisoned darts (quivered)
Armour
 b - a +0 robe (worn)
 e - a +0 ring mail
 f - a +0 leather armour
 g - a +0 plate armour
Magical Staves
 d - a staff of air


   Skills:
 + Level 3.7 Fighting
 + Level 3.7 Short Blades
 - Level 3.0 Dodging
 - Level 2.0 Stealth


You had 2 spell levels left.
You didn't know any spells.
Your spell library was empty.

Dungeon Overview and Level Annotations

Branches:
Dungeon (2/15)

Altars:
Dithmenos

Shops:
D:2 [=(


Message History

The gnoll closely misses you. The gnoll closely misses you.
The gnoll barely misses you. The gnoll completely misses you.
Found 9 gold pieces.
Press: ? - help, v - describe, . - travel The floor.
It was a potion of might.
You feel very mighty all of a sudden. The gnoll closely misses you.
You aren't carrying any items that you can evoke.
You aren't carrying any scrolls.
You closely miss the gnoll. The gnoll completely misses you.
You puncture the gnoll!
The gnoll is almost dead.
The gnoll misses you.
Throw: 21 darts (poison)
Press: ? - help, Q - select action Shift-Dir - straight line, f - gnoll
Aim: a gnoll, wielding a +0 halberd (63% to hit)
You throw a poisoned dart.
The poisoned dart barely misses the gnoll.
The poisoned dart hits the gnoll.
The gnoll is poisoned.
The gnoll is almost dead.
You kill the gnoll!
Throw: 20 darts (poison)
Press: ? - help, Q - select action Shift-Dir - straight line, f/p - gnoll
Aim: a gnoll, wielding a +0 halberd (63% to hit)
You throw a poisoned dart. The poisoned dart hits the gnoll.
The gnoll is poisoned.
The gnoll barely misses you. The gnoll closely misses you.
You barely miss the gnoll. The gnoll hits you with a +0 halberd!
* * * LOW HITPOINT WARNING * * *
You closely miss the gnoll.
The gnoll is lightly wounded.
The gnoll closely misses you.
You hit the gnoll.
The gnoll is moderately wounded.
The gnoll hits you with a +0 halberd!
You die...

# ##. #.. #.# #.#
#.# #.# #@# #g#
#g#
#######g###.##
##.....#g.....#
##..............#
#................
#................
#................


You could see 3 gnolls and a hobgoblin.

Vanquished Creatures
  An adder (D:2)
  A gnoll (D:3)
  3 endoplasms
  A giant cockroach (D:1)
  2 hobgoblins (D:1)
  3 kobolds
  A quokka (D:1)
  2 ball pythons (D:1)
  2 bats (D:2)
  3 rats
19 creatures vanquished.

Notes
Turn   | Place    | Note
-------+----------+-------------------------------------------
     0 | D:1      | Armakuni the Human Monk began the quest for the Orb.
     0 | D:1      | Reached XP level 1. HP: 18/18 MP: 1/1
   297 | D:2      | Reached XP level 2. HP: 18/24 MP: 2/2
   358 | D:2      | Found Hakucor's Weapon Emporium.
   525 | D:1      | Found a faded altar of an unknown god.
  1080 | D:2      | Found a shadowy altar of Dithmenos.
  1104 | D:2      | Reached XP level 3. HP: 5/29 MP: 3/3
  1326 | D:2      | Found Erufyn's Armour Shoppe.
  1329 | D:2      | Found Iphant's Jewellery Shoppe.
  1375 | D:2      | You fall into a shaft and drop 1 floor!
  1409 | D:3      | Slain by a gnoll

Illustrated notes

Levels and vault maps discovered:
D:1:      scummos_arrival_simple_crosswalls, layout_loops_cross,
          hellmonk_ecumenical_altar_inner_sanctum
D:2:      layout_rooms, serial_shops, nicolae_shop_trees, shop, shop, shop,
          nicolae_shop_window_shopping, basic_altar
D:3:      layout_rooms, hangedman_decor_push

Action                   || total
-------------------------++-------
Melee: Short sword       ||    34
Throw: Dart              ||    43
  Use: Scroll            ||     4
       Potion            ||     2
Armor: Robe              ||     9
Dodge: Dodged            ||    37

Table legend: (Time is in decaauts)
 A = Elapsed time spent in this place.
 B = Non-inter-level travel time spent in this place.
 C = Inter-level travel time spent in this place.
 D = Time resting spent in this place.
 E = Time spent auto-exploring this place.
 F = Levels seen in this place.
 G = Mean time per level.
                   A        B        C        D        E       F      G
               +--------+--------+--------+--------+--------+-----+--------+
         Total |   1407 |   1407 |      0 |    376 |    603 |   3 |  469.0 |
       Dungeon |   1407 |   1407 |      0 |    376 |    603 |   3 |  469.0 |
               +--------+--------+--------+--------+--------+-----+--------+

Top non-repeatable levels by time:
     D:1: 974 daAuts
     D:2: 399 daAuts
     D:3: 33 daAuts
